cohdb
Replays
Latest Replays
All Replays
Popular Replays
Top Player Replays
Match Explorer
How It Works
Community
CoH3 Stats
Reddit
Sign in to upload your games and track your stats! →
Sign in with Steam
Match 42794891
Unlisted
Match 42794891
Overview
Messages
Build Orders
End
Selects Australian Defense Battlegroup
Selects Australian Light Infantry Section
Australian Light Infantry Section
Construct Section Command Post
Australian Light Infantry Section
ML 3-inch Mortar Team
Royal Engineer Section
Construct Platoon Command Post
Weebanori
Masang
Belfegor ๏̯͡๏
MY:OATZ
[82AD] PaulVmax
Valieriumborn
FloppyBob
A Chunky Chaffinch
0
0
Comments
sign in to comment!
No comments posted yet!